 Dungeon Crawl Stone Soup version 0.21.1-1-g345015fe64 (webtiles) character file.

81 KleinerIrrer the Shield-Bearer (level 4, -3/37 HPs)
             Began as a Formicid Fighter on Mar 18, 2018.
             Slain by Grinder (6 damage)
             ... on level 3 of the Dungeon.
             The game lasted 00:02:10 (1337 turns).

KleinerIrrer the Shield-Bearer (Formicid Fighter)   Turns: 1337, Time: 00:02:10

Health: -3/37      AC:  8    Str: 26    XL:     4   Next: 68%
Magic:  4/4        EV:  8    Int:  8    God:
Gold:   57         SH: 10    Dex: 10    Spells: 3/3 levels left

rFire    . . .     SeeInvis +   a - +0 war axe
rCold    . . .     Gourm    .   c - +0 shield
rNeg     . . .     Faith    .   b - +0 scale mail
rPois    .         Spirit   .   (helmet unavailable)
rElec    .         Reflect  .   (no cloak)
rCorr    .         Harm     .   n - +0 pair of gloves
MR       .....                  (no boots)
Stlth    +.........             (no amulet)
HPRegen  0.12/turn              o - ring of stealth
MPRegen  0.09/turn              (no ring)

@: mighty
A: permanent stasis, dig shafts and tunnels, four strong arms, antennae 3
a: Dig, Shaft Self


You were on level 3 of the Dungeon.
You were not hungry.

You visited 1 branch of the dungeon, and saw 3 of its levels.

You collected 57 gold pieces.

Inventory:

Hand Weapons
 a - a +0 war axe (weapon)
Missiles
 k - 20 bolts
Armour
 b - a +0 scale mail (worn)
 c - a +0 shield (worn)
 n - a +0 pair of gloves (worn)
Jewellery
 o - a ring of stealth (left hand)
Scrolls
 e - a scroll of identify {unknown}
 h - 3 scrolls of fog {unknown}
 j - a scroll of remove curse {unknown}
 l - a scroll of amnesia {unknown}
 m - a scroll of magic mapping {unknown}
 p - 2 scrolls of teleportation {unknown}
 q - a scroll of fear {unknown}
Potions
 d - a potion of might
 i - 2 potions of haste {unknown}
 r - a potion of brilliance {unknown}
Comestibles
 f - 3 rations
 g - 3 chunks of flesh


   Skills:
 + Level 3.6 Fighting
 * Level 3.5 Axes
 + Level 3.5 Armour
 + Level 0.4 Dodging
 + Level 4.1 Shields


You had 3 spell levels left.
You didn't know any spells.

Dungeon Overview and Level Annotations

Branches:
Dungeon (3/15)

Altars:
Xom

Annotations:
D:3 Grinder


Innate Abilities, Weirdness & Mutations

You cannot be hasted, slowed, berserked, paralysed or teleported.
You can dig through walls and to a lower floor.
Your four strong arms can wield two-handed weapons with a shield.
You have a pair of large antennae on your head. (SInv)


Message History

Grinder hits you!
* * * LOW HITPOINT WARNING * * *
You writhe in agony.
* * * LOW HITPOINT WARNING * * *
You feel very mighty all of a sudden. Grinder hits you.
* * * LOW HITPOINT WARNING * * *
You barely miss Grinder.
Grinder is lightly wounded.
Grinder closely misses you.
You closely miss Grinder.
Grinder is lightly wounded.
Grinder completely misses you.
You closely miss Grinder.
Grinder is lightly wounded.
Grinder hits you but does no damage. You block Grinder's attack.
You barely miss Grinder.
Grinder is lightly wounded.
Grinder hits you.
You die...

.........# # .........+
.# #.......##.
#.........
#........#########
#.......>$....!...
#.............######
#).........@5.......
####....###......###
#####....# #......#
#.).>##### #.........
#....# #!.....###
#....#######......+
#####.................#
....#.................#
....#..........


You could see Grinder.

Vanquished Creatures
  An orc wizard (D:3)
  An adder (D:2)
  An ooze (D:1)
  A worm (D:2)
  A dart slug (D:1)
  A leopard gecko (D:2)
  2 orcs (D:3)
  4 bats
  2 giant cockroaches
  3 goblins
  3 hobgoblins
  5 kobolds
  11 frilled lizards
  3 rats
39 creatures vanquished.

Notes
Turn   | Place    | Note
-------+----------+-------------------------------------------
     0 | D:1      | KleinerIrrer the Formicid Fighter began the quest for the Orb.
     0 | D:1      | Reached XP level 1. HP: 18/18 MP: 1/1
   108 | D:1      | Reached XP level 2. HP: 23/24 MP: 2/2
   302 | D:1      | Reached XP level 3. HP: 26/29 MP: 3/3
   314 | D:1      | Reached skill level 4 in Shields
   967 | D:2      | Reached XP level 4. HP: 34/37 MP: 4/4
  1162 | D:2      | Found a shimmering altar of Xom.
  1320 | D:3      | Noticed Grinder
  1337 | D:3      | Slain by Grinder

Skill      XL: |  1  2  3 |
---------------+----------+-----
Shields        | 4 |  4.1
Axes           | 3 |  3.5
Fighting       | |  3.6
Armour         | |  3.5
Dodging        | |  0.4

Action                   |  1- 3 |  4- 6 || total
-------------------------+-------+-------++-------
Melee: War axe           |    99 |    36 ||   135
  Use: Potion            |       |     1 ||     1
  Eat: Chunk             |       |     2 ||     2
Armor: Scale mail        |    29 |    10 ||    39
Dodge: Dodged            |    33 |    12 ||    45
Block: Shield            |    51 |    13 ||    64
